 Dungeon Crawl Stone Soup version 0.18.1-48-g4cf74bf (webtiles) character file.

106 Doomgape the Chopper (level 4, -1/35 HPs)
             Began as a Mummy Fighter on July 21, 2016.
             Slain by a wight
             ... wielding a cursed +3 long sword
              (5 damage)
             ... on level 2 of the Dungeon.
             The game lasted 00:03:34 (2265 turns).

Doomgape the Chopper (Mummy Fighter)                Turns: 2265, Time: 00:03:35

Health: -1/35      AC:  7    Str: 19    XL:     4   Next: 55%
Magic:  4/4        EV:  7    Int:  8    God:
Gold:   124        SH:  8    Dex: 11    Spells: 0 memorised, 3 levels left

rFire  x . .     SeeInvis .     a - +0 war axe
rCold  + . .     Gourm    .     b - +0 scale mail
rNeg   + + +     Faith    .     c - +0 shield
rPois  ∞         Spirit   .     i - +0 helmet
rElec  .         Dismiss  .     (no cloak)
rCorr  .         Reflect  .     (no gloves)
SustAt .         Harm     .     (no boots)
MR     .....                    (no amulet)
Stlth  ..........               (no ring)
                                (no ring)

@: not resistant to hostile enchantments, extremely unstealthy
A: no food or potions, fire vulnerability, cold resistance 1, negative energy
resistance 3, torment resistance, unbreathing
a: no special abilities


You were on level 2 of the Dungeon.
You were not hungry.

You visited 1 branch of the dungeon, and saw 3 of its levels.

You collected 124 gold pieces.

Inventory:

Hand Weapons
 a - a +0 war axe (weapon)
Armour
 b - a +0 scale mail (worn)
 c - a +0 shield (worn)
 i - a +0 helmet (worn)
Scrolls
 d - 4 scrolls of identify {unknown}
 e - a scroll of remove curse {unknown}
 f - a scroll of magic mapping {unknown}
 g - a scroll of immolation {unknown}
 h - a scroll of noise {unknown}


   Skills:
 - Level 3.0 Fighting
 + Level 4.0 Axes
 - Level 2.4 Armour
 - Level 2.4 Shields


You had 3 spell levels left.
You didn't know any spells.

Dungeon Overview and Level Annotations

Branches:
Dungeon (3/15)

Altars:
Yredelemnul
The Shining One


Innate Abilities, Weirdness & Mutations

You do not eat or drink.
Your flesh is vulnerable to fire.
You are immune to poison.
Your flesh is cold resistant.
You are immune to negative energy.
You are immune to unholy pain and torment.
You can survive without breathing.


Message History

You closely miss the wight.
The wight is heavily damaged.
You block the wight's attack.
Your shield and scale mail prevent you from hitting the wight.
The wight is heavily damaged.
You block the wight's attack.
You hit the wight.
The wight is severely damaged.
The wight hits you with an enchanted long sword.
Your shield prevents you from hitting the wight.
The wight is severely damaged.
The wight hits you with an enchanted long sword!
* * * LOW HITPOINT WARNING * * *
You barely miss the wight.
The wight is severely damaged.
You block the wight's attack.
You closely miss the wight.
The wight is severely damaged.
The wight hits you with an enchanted long sword.
You die...

.................############.###
...............#.# #............
...).....†...#.#.####............
.............#.#...##............
..#######....#...#.##............
..#######....##).#.##............
..###A###....##..#.##............
..#######....##..#.##........†...
..##§.§##....###@z.##............
..##._.##....#######.............
..##§(§##......#.................
..##...##......#...(....#####....
..##§.§##..÷...#........# #....
#.##...##......########## #....
#.###'###......# #....
#.#.....#......# #...#
#..............# #...#


You could see a wight.

Vanquished Creatures
  3 adders (D:2)
  3 worms (D:2)
  4 giant geckos
  3 bats
  2 giant cockroaches
  8 goblins
  13 hobgoblins
  4 jackals (D:2)
  5 kobolds
  2 quokkas (D:2)
  3 giant newts
  12 rats
62 creatures vanquished.

Notes
Turn   | Place    | Note
--------------------------------------------------------------
     0 | D:1      | Doomgape the Mummy Fighter began the quest for the Orb.
     0 | D:1      | Reached XP level 1. HP: 18/18 MP: 1/1
    32 | D:1      | Reached skill level 2 in Axes
   153 | D:1      | Reached XP level 2. HP: 24/24 MP: 2/2
   456 | D:1      | Reached XP level 3. HP: 27/29 MP: 3/3
   690 | D:2      | Reached skill level 3 in Axes
  1288 | D:2      | Reached XP level 4. HP: 23/35 MP: 4/4
  1874 | D:2      | Found a glowing golden altar of the Shining One.
  1879 | D:2      | Found a basalt altar of Yredelemnul.
  1887 | D:2      | Noticed a profane servitor
  2081 | D:2      | Reached skill level 4 in Axes
  2210 | D:2      | Noticed an angel
  2265 | D:2      | Slain by a wight

Skill      XL: |  1  2  3  4 |
---------------+-------------+-----
Axes           | 2 3 4 |  4.0
Fighting       | |  3.0
Armour         | |  2.4
Shields        | |  2.4

Action                   |  1- 3 |  4- 6 || total
-------------------------+-------+-------++-------
Melee: War axe           |   123 |    79 ||   202
Armor: Scale mail        |    45 |    27 ||    72
Dodge: Dodged            |    33 |    24 ||    57
Block: Shield            |    69 |    38 ||   107
